 Dungeon Crawl Stone Soup version 0.23.0 (webtiles) character file.

Game seed: 14274480912794768756

501 Acheron the Chopper (level 6, -2/56 HPs)
             Began as a Minotaur Berserker on Feb 18, 2019.
             Was a Priest of Trog.
             Shot with a sling bullet by Joseph (12 damage)
             ... on level 7 of the Dungeon.
             The game lasted 00:15:07 (2988 turns).

Acheron the Chopper (Minotaur Berserker)            Turns: 2988, Time: 00:15:08

Health: -2/56      AC:  5    Str: 21    XL:     6   Next: 95%
Magic:  5/5        EV: 12    Int:  6    God:    Trog [***...]
Gold:   169        SH:  0    Dex: 10    Spells: 5/5 levels left

rFire    . . .     SeeInvis .   a - +1 hand axe
rCold    . . .     Gourm    .   (no shield)
rNeg     . . .     Faith    .   k - +0 ring mail {MR+}
rPois    .         Spirit   .   (helmet restricted)
rElec    .         Reflect  .   (no cloak)
rCorr    .         Harm     .   (no gloves)
MR       +....                  (no boots)
Stlth    +.........             (no amulet)
HPRegen  0.18/turn              (no ring)
MPRegen  0.09/turn              (no ring)

@: no status effects
A: retaliatory headbutt, horns 2
a: Berserk, Trog's Hand, Renounce Religion


You were on level 7 of the Dungeon.
You worshipped Trog.
Trog was most pleased with you.
You were not hungry.

You visited 2 branches of the dungeon, and saw 7 of its levels.

You collected 169 gold pieces.

Inventory:

Hand Weapons
 a - a +1 hand axe (weapon)
 b - a +0 hunting sling
 p - a +2 dagger of draining
Missiles
 d - 59 stones (quivered)
 l - 37 poisoned needles
 o - 20 sling bullets
Armour
 k - a +0 ring mail of magic resistance (worn)
 q - a +1 ring mail of fire resistance
Wands
 i - a wand of acid (11)
 m - a wand of flame (6)
 r - a wand of polymorph (10)
Scrolls
 e - a scroll of enchant weapon
 f - a scroll of remove curse
 g - 2 scrolls of teleportation
 h - a scroll of enchant armour {unknown}
Potions
 j - a potion of ambrosia
 n - a potion of agility {unknown}
 s - a potion of mutation
Comestibles
 c - 3 rations


   Skills:
 + Level 5.2 Fighting
 + Level 6.4 Axes
 + Level 3.6 Armour
 * Level 3.9 Dodging
 * Level 2.4 Stealth


You had 5 spell levels left.
You didn't know any spells.
Your spell library was empty.

Dungeon Overview and Level Annotations

Branches:
Dungeon (7/15)             Temple (1/1) D:5

Altars:
Dithmenos
Fedhas
Gozag
Qazlal
Ru
Sif Muna
Trog
Uskayaw
Vehumet
Xom
Zin
The Shining One

Shops:
D:5 :

Annotations:
D:7 Joseph


Innate Abilities, Weirdness & Mutations

You reflexively headbutt those who attack you in melee.
You have a pair of horns on your head.


Message History

Found 11 gold pieces.
Found a stone staircase leading down.
Joseph and a skeleton come into view.
Joseph shouts!
Joseph unwields a +0 quarterstaff.
Joseph wields a +5 hunting sling of flaming.
It bursts into flame!
Joseph shoots a sling bullet.
The sling bullet hits you! The sling bullet burns you!
You see here a sling bullet.
The adder skeleton barely misses you. The adder skeleton closely misses you.
Joseph shoots a sling bullet.
The sling bullet hits you!
* * * LOW HITPOINT WARNING * * *
The sling bullet burns you.
* * * LOW HITPOINT WARNING * * *
You see here a sling bullet.
There is a stone staircase leading down here.
The adder skeleton barely misses you. You furiously retaliate!
You headbutt the adder skeleton.
Joseph shoots a sling bullet.
The sling bullet hits you!
You die...

#...............
#...................
#...................
#.......@...........
#.................#
#.................#
+.....(.....$.....#
#....g............#
.....#.#.##a(Z@.....#
#.## #.#.#####...####
#.#.# #.......
#.#a### #...####
#.#... +.....
#g#.#####...###
#..g...%....#
#...........#
##........#


You could see Joseph, a worker ant, a gnoll and an adder skeleton.

Vanquished Creatures
  Duvessa (D:6)
  A bullfrog (D:6)
  Dowan (D:6)
  A howler monkey (D:6)
  A hound (D:6)
  A centaur skeleton (D:6)
  Ijyb (D:3)
  A worker ant (D:7)
  4 gnolls (D:3)
  An adder (D:2)
  A howler monkey skeleton (D:6)
  An ooze (D:1)
  A worm (D:2)
  A leopard gecko (D:2)
  2 orcs
  A ball python (D:1)
  9 bats
  3 giant cockroaches
  8 goblins
  12 hobgoblins
  3 jackals (D:5)
  8 kobolds
  A quokka (D:6)
  3 frilled lizards (D:2)
  7 rats
74 creatures vanquished.

Notes
Turn   | Place    | Note
-------+----------+-------------------------------------------
     0 | D:1      | Acheron the Minotaur Berserker began the quest for the Orb.
     0 | D:1      | Reached XP level 1. HP: 19/19 MP: 0/0
   131 | D:2      | Reached XP level 2. HP: 21/27 MP: 1/1
   132 | D:2      | Reached skill level 4 in Axes
   602 | D:1      | Reached XP level 3. HP: 27/33 MP: 2/2
   607 | D:1      | Reached ** piety under Trog
   659 | D:2      | Found a deep blue altar of Sif Muna.
   941 | D:2      | Reached skill level 1 in Stealth
  1350 | D:3      | Reached XP level 4. HP: 41/41 MP: 3/3
  1360 | D:3      | Reached skill level 5 in Axes
  1553 | D:3      | Noticed Ijyb
  1564 | D:3      | Killed Ijyb
  1564 | D:3      | Reached XP level 5. HP: 28/47 MP: 4/4
  1745 | D:3      | You fall through a shaft for 3 floors!
  1751 | D:6      | Noticed Duvessa
  1752 | D:6      | Noticed Dowan
  1763 | D:6      | Killed Duvessa
  1770 | D:6      | Killed Dowan
  1770 | D:6      | Reached XP level 6. HP: 34/55 MP: 5/5
  1922 | D:5      | Entered Level 5 of the Dungeon
  1922 | D:5      | Found a staircase to the Ecumenical Temple.
  1927 | D:5      | Found Leqodosi's Book Shop.
  1931 | Temple   | Entered the Ecumenical Temple
  2205 | D:6      | Reached skill level 6 in Axes
  2216 | D:6      | Reached skill level 5 in Fighting
  2508 | D:6      | Noticed a slave
  2559 | D:6      | Reached *** piety under Trog
  2981 | D:7      | Noticed Joseph
  2988 | D:7      | Shot with a sling bullet by Joseph

Skill      XL: |  1  2  3  4  5  6 |
---------------+-------------------+-----
Axes           | 4 5 6 |  6.4
Fighting       | 4 5 |  5.2
Stealth        | 1 2 |  2.4
Dodging        | 3 |  3.9
Armour         | 3 |  3.6

Action                   |  1- 3 |  4- 6 || total
-------------------------+-------+-------++-------
Melee: Hand axe          |    93 |    83 ||   176
       Headbutt          |    11 |    18 ||    29
Invok: Berserk           |     1 |     2 ||     3
       Trog's Hand       |       |     1 ||     1
  Use: Scroll            |     5 |     2 ||     7
 Stab: Sleeping          |     1 |     1 ||     2
  Eat: Chunk             |     1 |     3 ||     4
       Ration            |       |     2 ||     2
Armor: Animal skin       |     3 |       ||     3
       Leather armour    |     2 |     4 ||     6
       Ring mail         |       |    11 ||    11
Dodge: Dodged            |    52 |    54 ||   106
